 Dungeon Crawl Stone Soup version 0.30-a0-772-g5528072125 (webtiles) character file.

Game seed: 17026318947436111478

2568 avis the Skirmisher (level 9, 0/71 HPs)
             Began as a Demigod Hunter on Feb 12, 2023.
             Succumbed to a kobold brigand's poison
             ... on level 7 of the Dungeon on Feb 13, 2023.
             The game lasted 00:45:25 (6987 turns).

avis the Skirmisher (Demigod Hunter)                Turns: 6987, Time: 00:45:26

Health: 0/71       AC:  9    Str: 18    XL:     9   Next: 10%
Magic:  22/22      EV: 15    Int:  9    God:
Gold:   381        SH:  0    Dex: 29    Spells: 8/10 levels left

rFire   + . .      SeeInvis .    b - +3 dagger
rCold   . . .      Faith    .    (no shield)
rNeg    . . .      Spirit   .    z - +1 leather armour of Painted Satisfaction {*Slow rF+ Will++ Int-2}
rPois   .          Reflect  .    j - +1 helmet
rElec   .          Harm     .    q - +0 cloak
rCorr   .          Rampage  .    y - +0 pair of gloves
Will    ++...                    h - +0 pair of boots
Stlth   +++                      o - amulet of magic regeneration
HPRegen 0.31/turn                t - ring of magical power
MPRegen 0.58/turn                g - +6 ring of strength

@: lethally poisoned (0 -> -2), on berserk cooldown, hasted and slowed
A: high MP 1, forlorn, divine attributes
a: no special abilities


You were on level 7 of the Dungeon.
You visited 2 branches of the dungeon, and saw 8 of its levels.
You also visited: Ossuary and Bailey.

You collected 381 gold pieces.

Inventory:

Hand Weapons
 a - a +0 shortbow
 b - a +3 dagger (weapon)
 c - a +3 dagger of electrocution
 F - a +0 dagger of protection
 H - a +0 great sword
Missiles
 r - 25 poisoned darts (quivered)
 A - 2 curare-tipped darts
 B - a throwing net
 M - 10 boomerangs
Armour
 h - a +0 pair of boots (worn)
 j - a +1 helmet (worn)
 q - a +0 cloak (worn)
 u - a +1 ring mail of fire resistance
 v - a +2 ring mail of fire resistance
 y - a +0 pair of gloves (worn)
 z - the +1 leather armour of Painted Satisfaction (worn) {*Slow rF+ Will++ Int-2}
   (You found it on level 4 of the Dungeon)

   Int:       It affects your intelligence (-2).
   rF:        It protects you from fire.
   *Slow:     It may slow you when you take damage.
   Will:      It greatly increases your willpower.
 G - a +2 robe of positive energy
Jewellery
 g - a +6 ring of strength (right hand)
 o - an amulet of magic regeneration (around neck)
 t - a ring of magical power (left hand)
Wands
 I - a wand of mindburst (22)
Scrolls
 e - 3 scrolls of noise
 f - a scroll of fear
 i - a scroll of poison
 k - 2 scrolls of blinking
 m - 4 scrolls of enchant armour
 n - 3 scrolls of immolation
 p - a scroll of fog
 C - a scroll of teleportation
 K - 2 scrolls of enchant weapon {unknown}
 L - a scroll of summoning {unknown}
 N - a scroll of identify
Potions
 d - a potion of flight
 l - 3 potions of haste
 s - a potion of attraction
 w - a potion of degeneration
 x - 2 potions of mutation
 D - a potion of berserk rage
 E - a potion of cancellation
 J - a potion of might


   Skills:
 * Level 4.1 Fighting
 - Level 10.0 Ranged Weapons
 - Level 4.0 Dodging
 - Level 2.0 Stealth
 - Level 1.0 Spellcasting
 - Level 4.0 Translocations


You had 8 spell levels left.
You knew the following spells:

 Your Spells              Type           Power      Damage    Failure   Level
b - Blink                 Tloc           14%        N/A       13%         2

Your spell library contained the following spells:

 Spells                   Type           Power      Damage    Failure   Level
 Manifold Assault         Tloc           7%         N/A       63%         4
 Storm Form               Tmut/Air       0%         N/A       100%        7


Dungeon Overview and Level Annotations

Branches:
Dungeon (7/15)             Temple (1/1) D:5         Ossuary (visited)
 Bailey (visited)


Innate Abilities, Weirdness & Mutations

You have an increased reservoir of magic. (+10% MP)
You shall have no god before yourself.
Your divine heritage dramatically boosts your attributes as you level up.


Message History

The kobold brigand barely misses you.
The orc warrior attacks as you move away!
The orc warrior hits you with a +0 war axe.
* * * LOW HITPOINT WARNING * * *
You see here a kobold corpse.
The kobold brigand attacks as you move away!
The kobold brigand misses you.
The kobold brigand throws a poisoned dart.
The poisoned dart hits you!
You are lethally poisoned!
* * * LOW HITPOINT WARNING * * *
You feel sick.
There is an open gate here.
Things that are here:
a +0 war axe; a kobold corpse
Okay, then.
Do you really want to go berserk while wielding your +0 shortbow?
A red film seems to cover your vision as you go berserk!
You feel yourself moving faster!
You feel mighty!
You feel yourself speed up.
* * * LOW HITPOINT WARNING * * *
You feel sick. The orc warrior misses you.
You feel a strong urge to attack something.
* * * LOW HITPOINT WARNING * * *
You feel sick.
There is a gate leading back out of this place here.
Welcome back to the Dungeon!
You feel your anger nearly subside.
* * * LOW HITPOINT WARNING * * *
You feel sick.
There is an empty arch of ancient stone here.
Really attack while wielding your +0 shortbow?
Okay, then.
b - a +3 dagger (weapon)
You are no longer berserk.
You are exhausted.
You feel yourself slow down. The orc warrior barely misses you.
You hit the orc warrior.
The orc warrior is heavily wounded.
You die...

#.#.# #
#
#.8.#.#
#.#.#.#
#.#.8.#
#.#.#.#
#.8.#.#
#.#K#.#
#.#o8.#
# #@#.#
#8#.#
... .
#######


You could see an orc warrior and a kobold brigand.

Vanquished Creatures
  Joseph (D:7)
  Sigmund (D:4)
  A wraith (Ossuary)
  A black bear (D:7)
  2 sky beasts (D:7)
  2 ogres
  A phantom (D:7)
  4 kobold brigands
  A necrophage (D:4)
  A bullfrog (D:7)
  2 gnoll sergeants
  3 scorpions
  A jelly (D:5)
  2 hounds
  3 orc priests
  Natasha (twice) (D:3)
  7 orc wizards
  A mummy (Ossuary)
  8 gnolls
  4 adders
  2 shadow imps
  2 white imps (D:5)
  An ufetubus (D:3)
  2 worms
  3 dart slugs
  19 orcs
  5 ball pythons
  7 endoplasms
  5 giant cockroaches
  8 hobgoblins
  19 kobolds
  2 quokkas
  5 bats
  9 frilled lizards
  9 gnoll skeletons (Ossuary)
  10 goblins
  9 kobold skeletons (Ossuary)
  7 orc skeletons (Ossuary)
  10 rats
182 creatures vanquished.

Notes
Turn   | Place    | Note
-------+----------+-------------------------------------------
     0 | D:1      | avis the Demigod Hunter began the quest for the Orb.
     0 | D:1      | Reached XP level 1. HP: 17/17 MP: 3/3
    75 | D:1      | Reached skill level 4 in Ranged Weapons
    92 | D:1      | Reached XP level 2. HP: 20/24 MP: 4/4
   142 | D:1      | Reached skill level 1 in Stealth
   397 | D:1      | Reached XP level 3. HP: 23/29 MP: 5/5
  1132 | D:2      | Reached XP level 4. HP: 29/36 MP: 6/6
  1146 | D:2      | Reached skill level 5 in Ranged Weapons
  2475 | D:3      | Noticed Natasha
  2480 | D:3      | Killed Natasha
  2480 | D:3      | Noticed Natasha
  2485 | D:3      | Killed Natasha
  2486 | D:3      | Reached XP level 5. HP: 14/41 MP: 7/7
  3003 | D:4      | Learned a level 2 spell: Blink
  3146 | D:4      | Reached skill level 6 in Ranged Weapons
  3221 | D:4      | Noticed Sigmund
  3392 | D:4      | Killed Sigmund
  3393 | D:4      | Reached skill level 1 in Spellcasting
  3393 | D:4      | Reached skill level 1 in Translocations
  3393 | D:4      | Reached XP level 6. HP: 51/51 MP: 10/10
  3615 | D:4      | Identified the +1 leather armour of Painted Satisfaction
                  | {*Slow rF+ Will++ Int-2}
  3834 | D:5      | Entered Level 5 of the Dungeon
  4020 | D:5      | HP: 2/51 [gnoll sergeant/+0 spear (12)]
  4031 | D:5      | Reached XP level 7. HP: 11/57 MP: 11/11
  4041 | D:5      | Identified the +0 robe "Wushryfa" {Dex+3}
  4321 | D:5      | Found a staircase to the Ecumenical Temple.
  4960 | Temple   | Entered the Ecumenical Temple
  5323 | D:6      | Reached skill level 7 in Ranged Weapons
  5694 | D:6      | Reached XP level 8. HP: 62/63 MP: 12/12
  6056 | D:7      | Reached skill level 8 in Ranged Weapons
  6158 | D:7      | Found a sand-covered staircase.
  6167 | Ossuary  | Entered an ossuary
  6517 | D:7      | Noticed Joseph
  6543 | D:7      | Killed Joseph
  6544 | D:7      | Reached skill level 9 in Ranged Weapons
  6549 | D:7      | Reached XP level 9. HP: 10/71 MP: 13/13
  6644 | D:7      | Found a flagged portal.
  6653 | Bailey   | Entered a bailey
  6807 | Bailey   | Reached skill level 10 in Ranged Weapons
  6975 | Bailey   | HP: 3/71 [kobold brigand/+0 war axe (1)]
  6981 | Bailey   | HP: 1/71 [poisoned by a kobold brigand]
  6987 | D:7      | Succumbed to a kobold brigand's poison

Illustrated notes

Levels and vault maps discovered:
D:1:      onia_arrival_handbag, layout_basic
D:2:      layout_basic, minmay_misc_feat_encased, minmay_goblin_outpost
D:3:      layout_basic, nicolae_ru_awakened_eye, uniq_natasha
D:4:      layout_basic, mainiacjoe_overflow_catwalk_spiral, item_on_display_a,
          uniq_sigmund
D:5:      layout_loops_ring, nicolae_overflow_hidden_temple,
          minmay_temple_entry_stoned_glass, kennysheep_small_spiral,
          nrook_loot_triangle
D:6:      layout_loops_ring, nicolae_uskayaw_suspiria, dreamdust_princess_bridge
D:7:      layout_basic, chequers_ossuary_entry_cave, enter_bailey_8,
          minmay_fountain_box, minmay_misc_feat_four_crosses,
          kennysheep_flooded_box, hangedman_abyss_or_decor_lesser_grid,
          uniq_joseph
Temple:   nicolae_temple_elliptical

Skill      XL: |  1  2  3  4  5  6  7  8  9 |
---------------+----------------------------+-----
Fighting       | 2 3 4 |  4.1
Ranged Weapons | 4 5 6 7 9 10 | 10.0
Dodging        | 2 3 4 |  4.0
Stealth        | 2 |  2.0
Spellcasting   | 1 |  1.0
Translocations | 1 3 4 |  4.0

Action                     |  1- 3 |  4- 6 |  7- 9 || total
---------------------------+-------+-------+-------++-------
  Melee: Dagger            |       |       |     1 ||     1
   Fire: Shortbow          |   130 |   161 |   343 ||   634
  Throw: Dart              |       |       |     1 ||     1
   Cast: Blink             |       |     2 |       ||     2
    Use: Potion            |       |     3 |     4 ||     7
         Scroll            |       |       |    17 ||    17
 Armour: Leather armour    |    19 |    51 |    46 ||   116
         Skin              |       |       |     5 ||     5
  Dodge: Dodged            |    55 |   110 |   131 ||   296

Table legend: (Time is in decaauts)
 A = Elapsed time spent in this place.
 B = Non-inter-level travel time spent in this place.
 C = Inter-level travel time spent in this place.
 D = Time resting spent in this place.
 E = Time spent auto-exploring this place.
 F = Levels seen in this place.
 G = Mean time per level.
                   A        B        C        D        E       F      G
               +--------+--------+--------+--------+--------+-----+--------+
         Total |   7140 |   6309 |    831 |   1083 |   2913 |  10 |  714.0 |
       Dungeon |   6549 |   5718 |    831 |    932 |   2913 |   7 |  935.6 |
        Temple |      7 |      7 |      0 |      0 |      0 |   1 |    7.0 |
       Ossuary |    243 |    243 |      0 |      0 |      0 |   1 |  243.0 |
        Bailey |    339 |    339 |      0 |    151 |      0 |   1 |  339.0 |
               +--------+--------+--------+--------+--------+-----+--------+

Top non-repeatable levels by time:
     D:4: 1136 daAuts
     D:3: 1102 daAuts
     D:2: 1042 daAuts
     D:6: 965 daAuts
     D:1: 956 daAuts
     D:5: 909 daAuts
     D:7: 436 daAuts
  Bailey: 339 daAuts
 Ossuary: 243 daAuts
  Temple: 7 daAuts
